 Dungeon Crawl Stone Soup version 0.26.1 (webtiles) character file.

Game seed: 16545266449454004857

134 swilekon the Firebug (level 5, 0/31 HPs)
             Began as an Octopode Fire Elementalist on Feb 5, 2021.
             Killed by divine providence
             ... invoked by an orc priest
              (11 damage)
             ... on level 3 of the Dungeon.
             The game lasted 00:07:18 (3844 turns).

swilekon the Firebug (Octopode Fire Elementalist)   Turns: 3844, Time: 00:07:19

Health: 0/31       AC:  1    Str:  7    XL:     5   Next: 17%
Magic:  5/8        EV: 14    Int: 15    God:
Gold:   123        SH:  0    Dex: 12    Spells: 5/9 levels left

rFire    . . .     SeeInvis .   g - +0 dagger
rCold    . . .     Faith    .   (no shield)
rNeg     . . .     Spirit   .   (helmet restricted)
rPois    .         Reflect  .   (no amulet)
rElec    .         Harm     .   k - -4 ring of intelligence (curse)
rCorr    .         Rampage  .   (no ring)
Will     .....                  (no ring)
Stlth    +++.......             (no ring)
HPRegen  0.10/turn              (no ring)
MPRegen  0.11/turn              (no ring)
                                (no ring)
                                (no ring)

@: no status effects
A: almost no armour, stealthy swim, amphibious, 8 rings, constrict 8, camouflage
1, gelatinous body 1
a: no special abilities


You were on level 3 of the Dungeon.
You visited 1 branch of the dungeon, and saw 3 of its levels.

You collected 123 gold pieces.

Inventory:

Hand Weapons
 g - a +0 dagger (weapon)
Jewellery
 k - a cursed -4 ring of intelligence (left tentacle)
Scrolls
 a - 2 scrolls of enchant armour
Potions
 b - a potion of attraction {unknown}
 c - a potion of lignification {unknown}
 d - 3 potions of curing
 e - a potion of heal wounds {unknown}
 f - a potion of might {unknown}
 j - a potion of magic {unknown}


   Skills:
 + Level 2.7 Dodging
 + Level 3.9 Stealth
 + Level 2.6 Spellcasting
 + Level 2.0 Conjurations
 * Level 4.1 Fire Magic


You had 5 spell levels left.
You knew the following spells:

 Your Spells              Type           Power        Failure   Level
a - Foxfire               Conj/Fire      44%          6%          1
b - Inner Flame           Hex/Fire       8%           26%         3

Your spell library contained the following spells:

 Spells                   Type           Power        Failure   Level
 Conjure Flame            Conj/Fire      11%          19%         3
 Sticky Flame             Conj/Fire      11%          52%         4
 Fireball                 Conj/Fire      5%           86%         5


Dungeon Overview and Level Annotations

Branches:
Dungeon (3/15)

Altars:
Cheibriados
Kikubaaqudgha
Ru


Innate Abilities, Weirdness & Mutations

You cannot wear most types of armour.
You are very stealthy in the water. (Stealth+)
You are amphibious.
You can wear up to eight rings at the same time.
You can use your tentacles to constrict eight enemies at once.
Your skin changes colour to match your surroundings (Stealth+).
Your rubbery body absorbs attacks. (AC +1, EV +1)


Message History

Your magical contamination has completely faded away.
You miscast Foxfire.
You are very lightly contaminated with residual magic.
Nothing appears to happen.
The orc shouts!
You conjure some foxfire!
The foxfire hits the orc.
The orc is lightly wounded.
The foxfire hits the orc priest.
The orc priest is heavily wounded.
The orc priest looks satisfied for a moment.
You conjure some foxfire!
The foxfire hits the orc priest.
The orc priest is severely wounded.
Your foxfire dissipates!
Your magical contamination has completely faded away.
The orc priest mumbles some strange prayers to Beogh against you.
Beogh smites you!
The orc priest invokes the aid of Beogh against you.
Beogh smites you!
You die...

.#####..# #.#
........#######o#
..####..........# ###
...#).###.##### #..
#.#..###o### #.#
#..........# #.#
####.....#o#### #.#
#.##....o..# #.#
#.##..#.##@# ##.#
####..#.##.#############..)
#.......)......<.......#
#..#.##.################
####..#.##.# #..#......[#
#..#....####
##+####'#.#####
..............# ####


You could see an orc priest and 2 orcs.

Vanquished Creatures
  4 adders
  An ooze (D:2)
  3 worms
  3 dart slugs (D:2)
  A leopard gecko (D:3)
  8 orcs
  A giant cockroach (D:2)
  7 goblins
  6 hobgoblins
  8 jackals
  6 kobolds
  A ball python (D:3)
  10 bats
  2 frilled lizards
  5 rats
66 creatures vanquished.

Vanquished Creatures (others)
  210 foxfires
210 creatures vanquished.

Grand Total: 276 creatures vanquished

Notes
Turn   | Place    | Note
-------+----------+-------------------------------------------
     0 | D:1      | swilekon the Octopode Fire Elementalist began the quest for
                  | the Orb.
     0 | D:1      | Reached XP level 1. HP: 11/11 MP: 3/3
   444 | D:1      | Reached XP level 2. HP: 17/17 MP: 1/5
  1256 | D:2      | Reached XP level 3. HP: 21/21 MP: 0/6
  1450 | D:2      | Learned a level 3 spell: Inner Flame
  1597 | D:2      | Found a snail-covered altar of Cheibriados.
  1599 | D:2      | Found an ancient bone altar of Kikubaaqudgha.
  1923 | D:2      | Reached XP level 4. HP: 27/27 MP: 1/7
  2377 | D:2      | Found a sacrificial altar of Ru.
  2987 | D:3      | Reached skill level 4 in Fire Magic
  3167 | D:3      | Reached XP level 5. HP: 31/31 MP: 2/8
  3844 | D:3      | Killed from afar by an orc priest

Illustrated notes

Levels and vault maps discovered:
D:1:      psy_arrival_statuary, layout_basic, serial_glass, glass_columns_a,
          glass_columns_a, glass_columns_b, glass_columns_c, glass_columns_b,
          glass_columns_a, due_unseen_surprise
D:2:      minmay_thinvault, layout_rooms,
          chequers_temple_overflow_statue_of_worship, nicolae_ru_path_of_blood
D:3:      layout_loops_ring, minmay_snake_closets, uniq_terence, uniq_natasha

Skill      XL: |  1  2  3  4 |
---------------+-------------+-----
Stealth        | 3 |  3.9
Fire Magic     | 4 |  4.1
Conjurations   | 2 |  2.0
Dodging        | |  2.7
Spellcasting   | |  2.6

Action                   |  1- 3 |  4- 6 || total
-------------------------+-------+-------++-------
Melee: Unarmed           |    22 |       ||    22
       Constrict         |     6 |     6 ||    12
       Tentacles         |     3 |     1 ||     4
       Dagger            |     2 |    24 ||    26
 Cast: Foxfire           |    72 |    70 ||   142
       Inner Flame       |     1 |     1 ||     2
  Use: Scroll            |       |     5 ||     5
Armor: Skin              |     3 |     3 ||     6
Dodge: Dodged            |    43 |    16 ||    59
